 Dungeon Crawl Stone Soup version 0.25.1-8-g42b30a86e7 (webtiles) character file.

Game seed: 4950874031491589212

59 Destapler the Stinger (level 3, -5/20 HPs)
             Began as a Deep Elf Venom Mage on Dec 27, 2020.
             Slain by an orc
             ... wielding a +0 flail
              (8 damage)
             ... on level 2 of the Dungeon.
             The game lasted 00:04:24 (1056 turns).

Destapler the Stinger (Deep Elf Venom Mage)         Turns: 1056, Time: 00:04:25

Health: -5/20      AC:  7    Str:  5    XL:     3   Next: 78%
Magic:  6/9        EV: 13    Int: 20    God:
Gold:   97         SH:  0    Dex: 15    Spells: 4/8 levels left

rFire    + . .     SeeInvis .   f - +0 dagger
rCold    + . .     Gourm    .   (no shield)
rNeg     . . .     Faith    .   a - +0 robe
rPois    .         Spirit   .   h - +0 helmet
rElec    .         Reflect  .   g - scarf {rC+ rF+}
rCorr    .         Harm     .   (no gloves)
MR       .....                  (no boots)
Stlth    ++........             (no amulet)
HPRegen  0.06/turn              l - +4 ring of protection
MPRegen  0.11/turn              (no ring)

@: no status effects
A: no striking features
a: no special abilities


You were on level 2 of the Dungeon.
You were not hungry.

You visited 1 branch of the dungeon, and saw 2 of its levels.

You collected 97 gold pieces.

Inventory:

Hand Weapons
 f - a +0 dagger (weapon)
Armour
 a - a +0 robe (worn)
 g - a scarf of resistance (worn)
 h - a +0 helmet (worn)
Jewellery
 l - a +4 ring of protection (left hand)
Scrolls
 b - a scroll of teleportation {unknown}
 e - 2 scrolls of identify {unknown}
 j - a scroll of fear {unknown}
 k - a scroll of blinking {unknown}
 m - a scroll of enchant armour {unknown}
Potions
 d - a potion of heal wounds {unknown}
 i - a potion of curing {unknown}
Comestibles
 c - 2 rations
 n - 2 chunks of flesh


   Skills:
 + Level 0.5 Fighting
 + Level 0.2 Short Blades
 + Level 0.8 Throwing
 + Level 0.6 Armour
 + Level 2.8 Dodging
 + Level 2.9 Stealth
 - Level 0.3 Unarmed Combat
 + Level 3.3 Spellcasting
 + Level 0.2 Conjurations
 + Level 1.6 Transmutations
 + Level 0.2 Air Magic
 + Level 3.5 Poison Magic


You had 4 spell levels left.
You knew the following spells:

 Your Spells              Type           Power        Failure   Level  Hunger
a - Sting                 Tmut/Pois      ##..         4%          1    None
b - Mephitic Cloud        Conj/Pois/Air  #.......     24%         3    ###....

Your spell library contained the following spells:

 Spells                   Type           Power        Failure   Level  Hunger
 Poisonous Vapours        Pois/Air       ##....       10%         2    ##.....
 Ignite Poison            Fire/Tmut/Pois ##......     21%         3    ###....
 Olgreb's Toxic Radiance  Pois           ###.....     30%         4    ####...


Dungeon Overview and Level Annotations

Branches:
Dungeon (2/15)

Altars:


Message History

Aiming: Sting (safe; 4% risk of failure)
Press: ? - help, Shift-Dir - straight line, f - orc priest, p - orc
Aim: an orc priest, wielding a +0 club and wearing a +0 ring mail The sting misses the orc.
The sting hits the orc priest but does no damage.
The orc priest is poisoned.
The bat barely misses you.
The orc priest calls down the wrath of Beogh upon you.
Beogh smites you!
Ouch! That really hurt!
* * * LOW HITPOINT WARNING * * *
The orc hits you but does no damage. The bat barely misses you.
Casting: Sting (safe; 4% risk of failure)
Confirm with . or Enter, or press ? or * to list all spells.
Aiming: Sting (safe; 4% risk of failure)
Press: ? - help, Shift-Dir - straight line, f/p - orc priest
Aim: an orc priest, wielding a +0 club and wearing a +0 ring mail (lightly wounded, poisoned)
The sting hits the orc.
The orc is poisoned.
The orc is severely wounded.
The bat closely misses you. The orc hits you with a +0 flail!
You die...

#.....)...#
#..#
#########.#
#..# #.#
#..# #.#
#..# #.#
#..# #.#
#..# #.###
..#
#...#####..#
#..>..b@oo.#
#...#####..#
##.## ..#
#.# .o# #.#
.o. #.# .###
#.# o# #. ..


You could see an orc priest (poisoned), an orc (poisoned) and a bat.

Vanquished Creatures
  An orc wizard (D:2)
  2 dart slugs
  4 giant cockroaches
  3 goblins (D:1)
  5 hobgoblins
  4 kobolds (D:1)
  A quokka (D:2)
  2 bats (D:1)
  3 frilled lizards
  A rat (D:1)
26 creatures vanquished.

Notes
Turn   | Place    | Note
-------+----------+-------------------------------------------
     0 | D:1      | Destapler the Deep Elf Venom Mage began the quest for the
                  | Orb.
     0 | D:1      | Reached XP level 1. HP: 10/10 MP: 6/6
   233 | D:1      | Reached XP level 2. HP: 15/15 MP: 5/8
   807 | D:2      | Reached XP level 3. HP: 19/19 MP: 6/9
   820 | D:2      | Learned a level 3 spell: Mephitic Cloud
  1056 | D:2      | Slain by an orc

Illustrated notes

Levels and vault maps discovered:
D:1:      evilmike_arrival_fibonacci_small, layout_basic,
          chequers_serial_rivers_small_b
D:2:      layout_loops_ring, bloody_makhleb, uniq_robin

Action                   || total
-------------------------++-------
Melee: Unarmed           ||    19
       Dagger            ||    12
 Cast: Sting             ||    47
 Stab: Sleeping          ||     2
Armor: Robe              ||    10
Dodge: Dodged            ||    28
